 Dungeon Crawl Stone Soup version 0.31.0-32-g396128a36d (webtiles) character file.

Game seed: 9990437915232806311

15250 Avodroc42 the Carver (level 11, -3/105 HPs)
             Began as a Troll Gladiator on Apr 14, 2024.
             Was a Priest of Qazlal.
             Slain by a demonspawn (11 damage)
             ... on level 2 of the Orcish Mines.
             The game lasted 02:25:46 (11041 turns).

Avodroc42 the Carver (Troll Gladiator)             Turns: 11041, Time: 02:26:02

Health: -3/105     AC:  7    Str: 28    XL:     11   Next: 99%
Magic:  11/11      EV: 16    Int:  4    God:    Qazlal [***...]
Gold:   741        SH:  3    Dex: 11    Spells: 10/10 levels left

rFire   . . .        v - +7 Throatcutter {drain, coup de grace}
rCold   . . .        (no shield)
rNeg    . . .        a - +0 robe
rPois   .            y - +2 hat
rElec   .            t - +0 cloak
rCorr   .            (gloves unavailable)
SInv    .            (boots unavailable)
Will    .....        (no amulet)
Stlth   ++           J - +5 ring of evasion
HPRegen 1.17/turn    (no ring)
MPRegen 0.12/turn

%: no passive effects
@: spiked
A: large, unfitting armour, claws 3, regeneration 1, shaggy fur 1, tough skin 1
a: Renounce Religion, Upheaval, Elemental Force


You were on level 2 of the Orcish Mines.
You worshipped Qazlal.
Qazlal was most pleased with you.
You visited 3 branches of the dungeon, and saw 12 of its levels.

You collected 741 gold pieces.

Inventory:

Hand Weapons
 c - a +1 arbalest of draining
 o - a +0 hand axe of electrocution
 r - a +1 dagger of flaming
 s - a +4 spear
 v - the +7 Throatcutter (weapon) {drain, coup de grace}
   (You took it off Terence on level 3 of the Dungeon)
 z - a +4 great mace of protection
Missiles
 d - 5 large rocks
 k - 50 stones
 l - 42 poisoned darts
 B - 5 silver javelins
 G - 6 atropa-tipped darts
Armour
 a - a +0 robe (worn)
 b - a +0 hat
 t - a +0 cloak (worn)
 y - a +2 hat (worn)
Jewellery
 J - a +5 ring of evasion (left claw)
Talismans
 n - a maw talisman
 x - a talisman of death
Wands
 E - a wand of paralysis (16)
 F - a wand of roots (9)
 M - a wand of flame (26)
Scrolls
 e - a scroll of acquirement {unknown}
 f - 3 scrolls of noise
 h - 2 scrolls of revelation {unknown}
 i - a scroll of blinking {unknown}
 j - 3 scrolls of teleportation
 m - 3 scrolls of amnesia
 p - 2 scrolls of immolation {unknown}
 w - a scroll of enchant weapon {unknown}
 D - 2 scrolls of fog
 I - a scroll of torment {unknown}
 N - a scroll of vulnerability {unknown}
Potions
 g - 2 potions of attraction
 q - a potion of invisibility
 u - 4 potions of haste
 A - a potion of magic {unknown}
 C - 2 potions of heal wounds {unknown}
 H - a potion of might {unknown}
 K - a potion of enlightenment {unknown}
 O - 3 potions of ambrosia


   Skills:
 + Level 6.0 Fighting
 * Level 12.2 Long Blades
 + Level 3.1(3.2) Axes
 + Level 0.3(2.0) Polearms
 + Level 2.3 Throwing
 + Level 6.3 Dodging
 + Level 2.7 Stealth
 * Level 4.1 Shields
 + Level 3.7 Unarmed Combat
 + Level 2.1 Invocations


You had 10 spell levels left.
You didn't know any spells.
Your spell library contained the following spells:

 Spells                   Type           Power      Damage    Failure   Level
 Apportation              Tloc           0%         N/A       50%         1
 Ensorcelled Hibernation  Hex/Ice        0%         N/A       65%         2
 Jinxbite                 Hex            0%         N/A       65%         2
 Passwall                 Erth           0%         N/A       86%         3
 Swiftness                Air            0%         N/A       86%         3
 Manifold Assault         Tloc           0%         N/A       99%         4
 Alistair's Intoxication  Alch           0%         N/A       100%        5
 Dispersal                Tloc           0%         N/A       100%        6
 Disjunction              Tloc           0%         N/A       100%        8


Dungeon Overview and Level Annotations

Branches:
Dungeon (9/15)             Temple (1/1) D:6             Orc (2/2) D:9
   Lair: D:8-11         Elf: Orc:2

Altars:
Ashenzari
Cheibriados
Dithmenos
Elyvilon
Fedhas
Gozag
Hepliaklqana
Makhleb
Nemelex Xobeh
Okawaru
Qazlal
Ru
Sif Muna
Trog
Uskayaw
Vehumet
Wu Jian
Xom
Yredelemnul
Zin
The Shining One

Shops:
D:1 (   D:8 [   Orc:2 !*?

Annotations:
D:7 2 transporters, theodolus's ghost, novice DsFi


Innate Abilities, Weirdness & Mutations

You are too large for most types of armour.
You have claws for hands.
Your natural rate of healing is unusually fast.
You are covered in fur. (AC +1)
You have tough skin. (AC +1)


Message History

The orc sorcerer points at you and mumbles some strange words.
You suddenly lose the ability to move!
The demonspawn hits you!
The demonspawn claws you but does no damage.
The demonspawn gores you.
You can move again.
The orc sorcerer mumbles some strange words.
The demonspawn attacks as it pursues you!
The demonspawn hits you but does no damage.
The demonspawn barely misses you. x2
Items here: ))))))) [[[[[.
The demonspawn attacks as it pursues you!
The demonspawn completely misses you. The demonspawn closely misses you.
The demonspawn completely misses you.
The demonspawn attacks as it pursues you!
You block the demonspawn's attack. The demonspawn barely misses you.
The demonspawn closely misses you.
The orc sorcerer mumbles some strange words.
The red devil attacks as it pursues you!
You block the red devil's attack.
The red devil attacks as it pursues you!
The red devil hits you from afar with a +2 demon trident of flaming!
Barbed spikes become lodged in your body.
The red devil burns you.
* * * LOW HITPOINT WARNING * * *
The barbed spikes dig painfully into your body as you move.
* * * LOW HITPOINT WARNING * * *
The demonspawn attacks as it pursues you!
The demonspawn hits you but does no damage.
The demonspawn completely misses you. The demonspawn gores you!
* * * LOW HITPOINT WARNING * * *
Items here: )))))))) [[[[[.
The air fills with toxic fumes!
As you read the scroll labelled SUOVIER OTSA, it crumbles to dust.
It was a scroll of poison.
The demonspawn is engulfed in freezing vapours.
The demonspawn hits you!
* * * LOW HITPOINT WARNING * * *
The demonspawn claws you!
You die...

........## #....[....##
.#.#.#...## ####§[)<.....#
........[§## ##§§§§.).[.....
#.....#.#§§##
##§§§§§[#.......
...#...4##§o##
##§§§§§§.##......
..###...###§§##
#§§§§§§####...... .##
##.o.###§§###§§§§§§§.###.....
##
##...###.3##§§§§§§§..##.....
# ##...###46@§§##............
##..)###§§§###.........#..
##.#.###§## ###.......#.. #
##)..#### #.......# . .#
##)#.## ..##.....# ..###
##...## ... ......# #..#.
##o..## #......<.....
..o##...## .......#.....
.#.#.#...##


You could see a demonspawn, a sixfirhy (summoned), an orc sorcerer and a red
devil (summoned).

Vanquished Creatures
  A demonspawn (Orc:2)
  An orc high priest (Orc:2)
  Sonja (Orc:1)
  5 orc knights
  6 orc sorcerers
  An orange demon (Orc:2)
  2 smoke demons (Orc:2)
  An ice devil (Orc:2)
  A hornet (D:6)
  A wyvern (D:9)
  11 yaks (D:9)
  A steam dragon (D:9)
  A warg (Orc:2)
  Grum (D:8)
  2 water moccasins (D:7)
  21 orc warriors
  An ice beast (D:7)
  2 ogres
  A swamp drake (D:9)
  2 centaurs (D:8)
  2 wolves (D:8)
  5 kobold brigands
  3 bullfrogs
  2 gnoll sergeants
  5 scorpions
  5 killer bees (D:8)
  A howler monkey (D:2)
  An electric eel (D:9)
  A bombardier beetle (D:4)
  5 hounds
  4 jellies
  19 orc priests
  5 iguanas
  A sleepcap (D:6)
  Terence (D:3)
  9 orc wizards
  Robin (D:2)
  6 adders
  10 gnolls
  A river rat (D:6)
  2 ufetubi (D:6)
  A ribbon worm (D:4)
  46 orcs
  3 bats
  7 endoplasms
  5 giant cockroaches
  13 goblins
  11 hobgoblins
  6 jackals
  3 quokkas
  6 ball pythons
  A frilled lizard (D:2)
  30 kobolds
  3 rats
  A butterfly (D:6)
288 creatures vanquished.

Notes
Turn   | Place    | Note
-------+----------+-------------------------------------------
     0 | D:1      | Avodroc42 the Troll Gladiator began the quest for the Orb.
     0 | D:1      | Reached XP level 1. HP: 19/19 MP: 0/0
   428 | D:1      | Found Nate's Antique Weapon Emporium.
   469 | D:1      | Reached XP level 2. HP: 27/27 MP: 1/1
   901 | D:2      | Reached XP level 3. HP: 27/35 MP: 2/2
  1123 | D:2      | Noticed Robin
  1128 | D:2      | Killed Robin
  1129 | D:2      | Reached skill level 1 in Axes
  1158 | D:2      | Reached XP level 4. HP: 42/42 MP: 3/3
  1745 | D:2      | Reached XP level 5. HP: 45/49 MP: 4/4
  2444 | D:3      | Noticed Terence
  2451 | D:3      | Killed Terence
  3060 | D:4      | Identified the +1 chain mail of Sif Muna's Castigation {rC+
                  | Str-3 Dex+6}
  3136 | D:4      | Reached XP level 6. HP: 59/59 MP: 5/5
  3146 | D:4      | Reached skill level 1 in Stealth
  3150 | D:4      | Reached skill level 1 in Long Blades
  3233 | D:4      | Found a faded altar of an unknown god.
  3233 | D:4      | Found a faded altar of an unknown god.
  3241 | D:4      | Found a basalt altar of Yredelemnul.
  3244 | D:4      | Found a stormy altar of Qazlal.
  3246 | D:4      | Found a snail-covered altar of Cheibriados.
  3283 | D:4      | Became a worshipper of Qazlal Stormbringer
  3398 | D:4      | Reached skill level 2 in Long Blades
  3883 | D:5      | Entered Level 5 of the Dungeon
  3889 | D:5      | Reached XP level 7. HP: 66/66 MP: 6/6
  4314 | D:5      | HP: 2/66 [poisoned by a scorpion]
  4315 | D:5      | Reached skill level 3 in Long Blades
  4319 | D:5      | HP: 1/66 [poisoned by a scorpion]
  4723 | D:5      | Found a glowing golden altar of the Shining One.
  4726 | D:5      | Found a sacrificial altar of Ru.
  5155 | D:6      | Reached skill level 4 in Long Blades
  5159 | D:6      | Reached * piety under Qazlal
  5231 | D:6      | Noticed a hornet
  5236 | D:6      | Killed a hornet
  5237 | D:6      | Reached XP level 8. HP: 64/75 MP: 7/7
  5320 | D:6      | Reached skill level 5 in Long Blades
  5696 | D:6      | Found a staircase to the Ecumenical Temple.
  5889 | Temple   | Entered the Ecumenical Temple
  6079 | D:7      | Reached skill level 6 in Long Blades
  6255 | D:7      | Reached XP level 9. HP: 77/84 MP: 8/8
  6294 | D:7      | Reached skill level 7 in Long Blades
  6345 | D:7      | Reached ** piety under Qazlal
  6434 | D:7      | Noticed theodolus's ghost (novice DsFi)
  6435 | D:7      | Identified the +8 dire flail of the Hurling Firefly {flame,
                  | rC+ Dex+3}
  6448 | D:7      | Found a transporter.
  6483 | D:7      | Found a transporter.
  6608 | D:7      | Found a flagged portal.
  7252 | D:8      | Noticed Grum
  7271 | D:8      | HP: 2/84 [Grum/-1 spear (12)]
  7345 | D:8      | Reached skill level 8 in Long Blades
  7390 | D:8      | Killed Grum
  7627 | D:8      | Found Toucionk's Armour Shop.
  8041 | D:9      | Reached skill level 9 in Long Blades
  8041 | D:9      | Reached skill level 1 in Shields
  8051 | D:9      | Reached *** piety under Qazlal
  8052 | D:9      | Reached XP level 10. HP: 94/94 MP: 9/9
  8088 | D:9      | Found a radiant altar of Vehumet.
  8352 | D:9      | Found a sparkling altar of Nemelex Xobeh.
  8493 | D:9      | Reached skill level 10 in Long Blades
  8494 | D:9      | Reached skill level 5 in Dodging
  8536 | D:9      | Found a staircase to the Orcish Mines.
  8772 | Orc:1    | Entered Level 1 of the Orcish Mines
  8772 | Orc:1    | Found a shimmering altar of Xom.
  8937 | Orc:1    | Noticed Sonja
  8949 | Orc:1    | Killed Sonja
  8950 | Orc:1    | Reached skill level 5 in Fighting
  9107 | Orc:2    | Entered Level 2 of the Orcish Mines
  9107 | Orc:2    | Found Zoequlust's Magic Scroll Shop.
  9156 | Orc:2    | Noticed an orc sorcerer
  9156 | Orc:2    | Noticed an orc knight
  9173 | Orc:1    | Killed an orc sorcerer
  9533 | Orc:2    | Killed an orc knight
  9661 | Orc:2    | Noticed an orc knight
  9675 | Orc:2    | Noticed an orange demon
  9715 | Orc:2    | Reached XP level 11. HP: 63/83 MP: 10/10
  9861 | Orc:2    | Killed an orc knight
  9862 | Orc:2    | Reached skill level 11 in Long Blades
  9913 | Orc:2    | Reached skill level 1 in Invocations
  9979 | Orc:2    | Found Aczosycu's General Store.
  9982 | Orc:2    | Found Hiffemuf's Distillery.
 10190 | Orc:2    | Reached **** piety under Qazlal
 10267 | Orc:2    | Noticed an orc knight
 10274 | Orc:2    | Noticed an orc high priest
 10315 | Orc:1    | Killed an orc knight
 10378 | Orc:2    | Killed an orc high priest
 10505 | Orc:2    | Noticed an orc sorcerer
 10537 | Orc:2    | Killed an orc sorcerer
 10605 | Orc:2    | Noticed an orc knight
 10628 | Orc:2    | Noticed an orc sorcerer
 10631 | Orc:2    | Killed an orc sorcerer
 10631 | Orc:2    | Noticed an orc sorcerer
 10662 | Orc:2    | Killed an orc sorcerer
 10673 | Orc:2    | Killed an orc knight
 10808 | Orc:2    | Noticed an orc knight
 10829 | Orc:2    | Killed an orc knight
 10830 | Orc:2    | Reached skill level 12 in Long Blades
 10861 | Orc:2    | Noticed an orc sorcerer
 10870 | Orc:2    | Killed an orc sorcerer
 10871 | Orc:2    | Noticed an orc sorcerer
 10873 | Orc:2    | Killed an orc sorcerer
 10885 | Orc:2    | Noticed a demonspawn
 10943 | Orc:2    | Killed a demonspawn
 11014 | Orc:2    | Noticed a demonspawn
 11014 | Orc:2    | Noticed an orc sorcerer
 11014 | Orc:2    | Paralysed by an orc sorcerer for 3 turns
 11028 | Orc:2    | Paralysed by an orc sorcerer for 2 turns
 11039 | Orc:2    | Noticed a sixfirhy
 11041 | Orc:2    | Slain by a demonspawn

Illustrated notes

Levels and vault maps discovered:
D:1:      erik_arrival_triangle_small, layout_loops_corners, serial_shops, shop,
          dreamdust_princess_bridge
D:2:      layout_basic, uniq_robin
D:3:      layout_basic, uniq_terence
D:4:      layout_loops_ring, chequers_temple_overflow_minitemple
D:5:      layout_layer_cave, jmf_multi_god_temple2
D:6:      layout_loops_ring, minmay_temple_entry_butterflies,
          gup_sewer_entry_spiral
D:7:      layout_cave_pools, serial_column_ruins, column_ruins_square_medium,
          column_ruins_grid_1, column_ruins_open_medium,
          column_ruins_columns_corner, column_ruins_open_medium,
          gammafunk_ghost_smash, enter_bailey_3, hangedman_decor_lopped
D:8:      layout_basic, serial_shops, shop, chequers_arboretum, uniq_grum
D:9:      layout_cave_pools, mainiacjoe_overflow_small_starburst,
          vehumet_altar_wand_db, erik_orc_1, blue_anna_alchemist,
          kennysheep_minor_cross
Temple:   nicolae_temple_great_sept
Orc:1:    layout_diamond_mine, basic_altar, uniq_sonja
Orc:2:    pf_orc_diabolical, layout_diamond_mine, serial_shops, shop,
          uniq_donald

Skill      XL: |  1  2  3  4  5  6  7  8  9 10 11 |
---------------+----------------------------------+-----
Axes           | 1 3 |  3.1
Fighting       | 2 3 4 5 6 |  6.0
Dodging        | 3 4 5 6 |  6.3
Stealth        | 1 2 |  2.7
Long Blades    | 2 4 6 9 10 12 | 12.2
Throwing       | 2 |  2.3
Shields        | 1 2 4 |  4.1
Invocations    | 2 |  2.1
Polearms       | |  0.3
Unarmed Combat | |  3.7

Action                     |  1- 3 |  4- 6 |  7- 9 | 10-12 || total
---------------------------+-------+-------+-------+-------++-------
  Melee: Mace              |    10 |       |       |       ||    10
         Hand axe          |    77 |    61 |       |       ||   138
         Punch             |     5 |     4 |     6 |    12 ||    27
         Unarmed           |     1 |       |       |       ||     1
         Long sword        |       |    45 |   239 |   331 ||   615
         Spear             |       |     3 |       |       ||     3
  Throw: Throwing net      |       |     1 |     2 |     1 ||     4
         Dart              |       |       |     3 |       ||     3
         Large rock        |       |       |     1 |     2 ||     3
         Stone             |       |       |     1 |       ||     1
 Invoke: Upheaval          |       |       |     2 |    14 ||    16
    Use: Scroll            |       |     2 |     8 |     3 ||    13
         Potion            |       |       |     2 |     3 ||     5
   Stab: Distracted        |       |     1 |       |       ||     1
         Held in net/web   |       |     1 |       |     1 ||     2
         Invisible         |       |       |       |     3 ||     3
 Armour: Robe              |    39 |    70 |   201 |   189 ||   499
  Dodge: Dodged            |    48 |    51 |   140 |   215 ||   454
  Block: Other             |       |       |    26 |    59 ||    85
